 Dungeon Crawl Stone Soup version 0.29.0-4-gdea44cf6ec (webtiles) character file.

Game seed: 9779584131831345434

2 qw the Grasshopper (level 1, -2/12 HPs)
             Began as a Tengu Warper on Aug 28, 2022.
             Slain by a kobold
             ... wielding a +1 short sword of flaming
              (3 damage)
             ... on level 1 of the Dungeon.
             The game lasted 00:00:00 (44 turns).

qw the Grasshopper (Tengu Warper)                     Turns: 44, Time: 00:00:00

Health: -2/12      AC:  3    Str: 11    XL:     1   Next: 30%
Magic:  4/4        EV: 11    Int: 13    God:
Gold:   0          SH:  0    Dex: 13    Spells: 4/4 levels left

rFire   . . .      SeeInvis .   a - +0 hand axe
rCold   . . .      Faith    .   (no shield)
rNeg    . . .      Spirit   .   b - +0 leather armour
rPois   .          Reflect  .   (helmet restricted)
rElec   .          Harm     .   (no cloak)
rCorr   .          Rampage  .   (no gloves)
Will    .....                   (boots unavailable)
Stlth   +.........              (no amulet)
HPRegen 0.04/turn               (no ring)
MPRegen 0.09/turn               (no ring)

@: no status effects
A: beak, talons 3
a: no special abilities


You were on level 1 of the Dungeon.
You visited 1 branch of the dungeon, and saw 1 of its levels.


Innate Abilities, Weirdness & Mutations

You have a beak for a mouth.
You have claws for feet.


   Skills:
 - Level 2.0 Fighting
 + Level 2.4 Axes
 - Level 1.0 Throwing
 - Level 1.1 Armour
 - Level 2.1 Dodging
 - Level 2.0 Spellcasting
 - Level 2.4 Translocations


You had 4 spell levels left.
You didn't know any spells.
Your spell library contained the following spells:

 Spells                   Type           Power      Damage    Failure   Level
 Blink                    Tloc           14%        N/A       19%         2
 Gell's Gravitas          Tloc           7%         N/A       36%         3
 Lesser Beckoning         Tloc           7%         N/A       36%         3
 Teleport Other           Tloc           7%         N/A       36%         3
 Manifold Assault         Tloc           7%         N/A       98%         5

Inventory:

Hand Weapons
 a - a +0 hand axe (weapon)
Missiles
 d - 6 boomerangs of dispersal (quivered)
Armour
 b - a +0 leather armour (worn)
Jewellery
 f - a ring of poison resistance
Scrolls
 c - a scroll of blinking
 e - 3 scrolls of enchant armour {unknown}

Dungeon Overview and Level Annotations

Branches:
Dungeon (1/15)

Altars:


Message History

A ball python comes into view.
The ball python moves out of view.
Found a dagger.
A bat and a kobold come into view.
The kobold is wielding a +1 short sword of flaming.
The bat closely misses you.
You closely miss the bat. You claw the bat.
The bat is severely wounded.
The kobold shouts!
The bat closely misses you. The bat hits you.
The bat hits you but does no damage.
You barely miss the bat.
The bat is severely wounded.
The bat hits you but does no damage. The bat barely misses you.
The bat misses you. The bat barely misses you.
You barely miss the bat.
The bat is severely wounded.
The bat barely misses you.
You barely miss the kobold. The bat closely misses you.
The kobold closely misses you.
A hobgoblin comes into view.
The bat hits you but does no damage.
The kobold hits you with a +1 short sword of flaming.
The kobold burns you.
The hobgoblin shouts!
You hit the bat.
You kill the bat!
You hit the kobold.
The kobold hits you with a +1 short sword of flaming.
The kobold burns you.
You miss the kobold. You claw the kobold, but do no damage.
You peck the kobold, but do no damage.
The kobold is heavily wounded.
The kobold hits you with a +1 short sword of flaming.
The kobold burns you.
You barely miss the kobold. Your kick misses the kobold.
Your peck misses the kobold.
The kobold is heavily wounded.
The kobold hits you with a +1 short sword of flaming.
You die...

....# ....# ....#
....# ...)# g.. #
#########K######
##.###.......@.......
##......######.####.##
..........# .>#
.########.###.##
#......#
########..###.#
............# #
######.#[...... ##.#
##.#.#######


You could see a hobgoblin and a kobold.

Vanquished Creatures
  A bat (D:1)
  A rat (D:1)
2 creatures vanquished.

Notes
Turn   | Place    | Note
-------+----------+-------------------------------------------
     0 | D:1      | qw the Tengu Warper began the quest for the Orb.
     0 | D:1      | Reached XP level 1. HP: 12/12 MP: 4/4
     0 | D:1      | 0 ||| qw: Version: 0.1-a-89-g26bdef1
     0 | D:1      | 0 ||| qw: Game counter: 2718
     0 | D:1      | 0 ||| qw: Always use a shield: true
     0 | D:1      | 0 ||| qw: God list: Okawaru
     0 | D:1      | 0 ||| qw: Allow faded altars: false
     0 | D:1      | 0 ||| qw: Do Orc after D:15 true
     0 | D:1      | 0 ||| qw: Do second Lair branch before Depths: true
     0 | D:1      | 0 ||| qw: Lair rune preference: random
     0 | D:1      | 0 ||| qw: Plans: Normal
     0 | D:1      | 0 ||| PLANNING D:1-11
    42 | D:1      | HP: 3/12 [kobold/+1 short sword of flaming (1)]
    43 | D:1      | HP: 1/12 [kobold/+1 short sword of flaming (1)]
    44 | D:1      | Slain by a kobold

Levels and vault maps discovered:
D:1:      ebering_hopf_link, layout_rooms, serial_shops, nicolae_lakefront_shop

Action                   || total
-------------------------++-------
Melee: Hand axe          ||     7
       Kick              ||     2
       Peck              ||     1
Throw: Boomerang         ||     1
Armor: Leather armour    ||     3
Dodge: Dodged            ||     8

Table legend:
 A = Non-vault XP
 B = Vault XP
 C = Vault XP percentage of total XP
 D = Non-vault monster count
 E = Vault monster count
 F = Vault count percentage of total count
                 A         B        C        D         E       F
            +---------+---------+-------+---------+---------+-------
      Total |       3 |       0 |   0.0 |       2 |       0 |   0.0
            +---------+---------+-------+---------+---------+-------
        D:1 |       3 |       0 |   0.0 |       2 |       0 |   0.0
            +---------+---------+-------+---------+---------+-------
